 Dungeon Crawl Stone Soup version 0.21.1-1-g345015f (webtiles) character file.

46 inc the Vexing (level 3, 0/14 HPs)
             Began as a Felid Enchanter on Feb 21, 2018.
             Slain by a shadow imp (1 damage)
             ... on level 2 of the Dungeon.
             The game lasted 00:04:01 (2561 turns).

inc the Vexing (Felid Enchanter)                    Turns: 2561, Time: 00:04:01

Health: 0/14       AC:  1    Str:  4    XL:     3   Next: 46%
Magic:  7/7        EV: 18    Int: 17    God:
Gold:   8          SH:  0    Dex: 16    Spells: 3/6 levels left
                                        Lives:  0   Deaths: 0

rFire    . . .     SeeInvis +     - Unarmed
rCold    . . .     Gourm    .   (shield unavailable)
rNeg     . . .     Faith    .   (armour unavailable)
rPois    .         Spirit   .   (helmet unavailable)
rElec    .         Reflect  .   (cloak unavailable)
rCorr    .         Harm     .   (gloves unavailable)
MR       .....                  (boots unavailable)
Stlth    +++.......             (no amulet)
HPRegen  0.04/turn              (no ring)
MPRegen  0.10/turn              (no ring)

@: quick
A: very small, no armour, no weapons or thrown items, stealth, claws 1, fangs 3,
see invisible, carnivore, speed 1, shaggy fur 1, slow metabolism 1, sharp paws
a: no special abilities


You were on level 2 of the Dungeon.
You were not hungry.

You visited 1 branch of the dungeon, and saw 2 of its levels.

You collected 8 gold pieces.

Inventory:

Scrolls
 c - a scroll of remove curse {unknown}
 d - 2 scrolls of teleportation {unknown}
 f - a scroll of identify {unknown}
 h - 2 scrolls of magic mapping {unknown}
 i - a scroll of enchant weapon {unknown}
Potions
 e - a potion of heal wounds {unknown}
 g - 2 potions of flight {unknown}
Books
 a - a book of Maledictions

   Spells                             Type                      Level
   a - Corona                         Hexes                        1
   b - Ensorcelled Hibernation        Hexes/Ice                    2
   c - Confuse                        Hexes                        3
   d - Tukima's Dance                 Hexes                        3
   e - Dazzling Spray                 Conjuration/Hexes            3
Comestibles
 b - 6 rations


   Skills:
 - Level 2.6 Dodging
 - Level 4.0 Stealth
 - Level 3.0 Unarmed Combat
 - Level 2.0 Spellcasting
 + Level 4.7 Hexes
 + Level 0.7 Ice Magic


You had 3 spell levels left.
You knew the following spells:

 Your Spells              Type           Power        Failure   Level  Hunger
a - Corona                Hex            ###....      2%          1    #......
b - Ensorcelled Hibernat  Hex/Ice        ##....       10%         2    ###....


Dungeon Overview and Level Annotations

Branches:
Dungeon (2/15)

Altars:


Innate Abilities, Weirdness & Mutations

You cannot wear armour.
You are incapable of wielding weapons or throwing items.
Your paws allow you to move quietly. (Stealth)
You have sharp claws.
You have razor-sharp teeth.
You have supernaturally acute eyesight. (SInv)
You are carnivorous and can eat meat at any time.
You cover ground quickly.
You are covered in fur. (AC +1)
You have a slow metabolism.
Your sharp claws are effective at attacking unaware monsters.


Message History

You completely miss the shadow imp.
You bite the shadow imp, but do no damage.
The shadow imp is almost dead.
The shadow imp closely misses you.
You barely miss the shadow imp.
You bite the shadow imp, but do no damage.
The shadow imp is almost dead.
The shadow imp gestures at you. Pain shoots through your body!
* * * LOW HITPOINT WARNING * * *
You barely miss the shadow imp.
The shadow imp is almost dead.
You scratch the shadow imp. Your bite misses the shadow imp.
The shadow imp is almost dead.
The shadow imp hits you.
* * * LOW HITPOINT WARNING * * *
You scratch the shadow imp but do no damage.
The shadow imp is almost dead.
The shadow imp hits you.
You die...

.'.......'..#######l..#..#
##.......##.<# #..+...#..##
..#########..# #.##...#...#
#.#########..# #.##...#†#.#
#.##.........# #.##...#.#..#
#.##.........###.##...#.##.#
..##.......<.....##...#.# .#
####.......).#.####...#.# ..#
......###'#..#..@5s...#.# .#
#####.###....#.#.#.####.# #.##...
#.........##.#...#.# #.# #.#....
#.".....8....#####.####.###.#....
#..................#.............
#..................#.##....#.#...
................#..#.#####.#.....
...................#.......##.#..
..................(#.............


You could see a shadow imp and a giant cockroach.

Vanquished Creatures
  An adder (D:2)
  A worm (D:2)
  2 leopard geckos
  A giant cockroach (D:2)
  7 goblins
  A hobgoblin (D:2)
  2 quokkas (D:2)
  A ball python (D:1)
  4 bats
  4 frilled lizards
  4 kobolds
  6 rats
34 creatures vanquished.

Notes
Turn   | Place    | Note
-------+----------+-------------------------------------------
     0 | D:1      | inc the Felid Enchanter began the quest for the Orb.
     0 | D:1      | Reached XP level 1. HP: 7/7 MP: 4/4
   574 | D:1      | Reached XP level 2. HP: 11/11 MP: 6/6
   578 | D:1      | Learned a level 2 spell: Ensorcelled Hibernation
  1960 | D:2      | Reached XP level 3. HP: 12/14 MP: 1/7
  2561 | D:2      | Slain by a shadow imp

Skill      XL: |  1  2 |
---------------+-------+-----
Unarmed Combat | 2 3 |  3.0
Dodging        | |  2.6
Stealth        | |  4.0
Spellcasting   | |  2.0
Hexes          | |  4.7
Ice Magic      | |  0.7

Action                   || total
-------------------------++-------
Melee: Unarmed           ||    98
       Bite              ||     7
 Cast: Ensorcelled Hiber ||    23
 Stab: Sleeping          ||    25
  Eat: Chunk             ||     5
Armor: Skin              ||     7
Dodge: Dodged            ||    67
